[ AOE2 MATCH · #483371550 ]
1v1 RMTeutons vs Bengalis
Player's team · LOSS
Rival team · WIN
[ REPLAY ANALYSIS · EXTRACTED FROM THE RECORDED GAME ]
Feudal
10:02
Castle
22:57
Imperial
—
| APM avg | 29.5 |
| APM peak | 84 |
| eAPM avg | 15.3 |
| Villagers / military | 57 / 0 |
Focus
⚔️ 17.7% · 🌾 82.3%
Feudal
12:11
Castle
17:12
Imperial
—
| APM avg | 51.3 |
| APM peak | 92 |
| eAPM avg | 27.8 |
| Villagers / military | 93 / 21 |
Focus
⚔️ 26.8% · 🌾 73.2%
Monk ×14 · Spearman ×5 · Mangonel ×2
Match map
Resources at game start + every placement click. Thick line = wall · dashed box = detected house wall. 🟡 gold · ⚪ stone · 🟢 berries · 🔶 boar · ⭕ relic
Your base· Open — unwalled flank
Unquiet's base· Open — unwalled flank
Elevation-shaded terrain · ⚠ = detected wall gap · hover for details
Inputs per minute
— DMarrett13 - - Unquiet
Build order — DMarrett13
133 actions detected in the replay
| 0:01 | Create | Villager (Male) ×4 |
| 0:02 | Build | House |
| 0:04 | Build | House |
| 1:33 | Create | Villager (Male) |
| 1:57 | Build | Lumber Camp |
| 2:05 | Create | Villager (Male) |
| 2:23 | Create | Villager (Male) |
| 2:56 | Create | Villager (Male) |
| 3:10 | Create | Villager (Male) |
| 3:25 | Build | House |
| 3:26 | Build | House |
| 3:27 | Build | House |
| 3:47 | Create | Villager (Male) |
| 4:15 | Create | Villager (Male) ×2 |
| 4:51 | Create | Villager (Male) |
| 5:35 | Create | Villager (Male) |
| 5:35 | Create | Villager (Male) |
| 5:45 | Build | Mill |
| 6:24 | Create | Villager (Male) |
| 6:25 | Create | Villager (Male) |
| 6:49 | Create | Villager (Male) |
| 7:23 | Create | Villager (Male) |
| 7:39 | Build | Mining Camp |
| 7:52 | Research | Feudal Age |
| 8:32 | Research | Loom |
| 10:02 | Age | Feudal Age |
| 10:19 | Build | Watch Tower |
| 10:24 | Create | Villager (Male) |
| 10:24 | Create | Villager (Male) |
| 10:26 | Research | Double-Bit Axe |
| 10:30 | Research | Horse Collar |
| 10:36 | Create | Villager (Male) |
| 10:36 | Create | Villager (Male) |
| 10:41 | Research | Wheelbarrow |
| 10:42 | Create | Villager (Male) |
| 10:42 | Create | Villager (Male) |
| 11:22 | Build | Farm |
| 11:43 | Build | Blacksmith |
| 12:19 | Create | Villager (Male) |
| 13:13 | Build | Farm |
| 13:14 | Build | Farm |
| 13:17 | Build | Farm |
| 13:18 | Build | Farm |
| 13:27 | Build | Watch Tower |
| 13:42 | Create | Villager (Male) |
| 13:54 | Build | Farm |
| 13:55 | Build | Farm |
| 13:55 | Build | Farm |
| 13:58 | Build | Farm |
| 14:02 | Create | Villager (Male) |
| 14:26 | Create | Villager (Male) |
| 14:47 | Build | Farm |
| 14:47 | Build | Farm |
| 14:52 | Create | Villager (Male) |
| 15:39 | Create | Villager (Male) ×4 |
| 15:43 | Build | Farm |
| 15:44 | Build | Farm |
| 15:47 | Build | House |
| 15:48 | Build | House |
| 15:49 | Build | House |
| 15:56 | Create | Villager (Male) |
| 15:56 | Create | Villager (Male) |
| 16:01 | Research | Fletching |
| 16:29 | Build | Watch Tower |
| 16:39 | Build | Watch Tower |
| 16:53 | Build | Watch Tower |
| 17:16 | Create | Villager (Male) ×5 |
| 18:30 | Build | Mining Camp |
| 18:42 | Build | Mining Camp |
| 18:49 | Build | Farm |
| 18:50 | Build | Farm |
| 18:53 | Build | Farm |
| 18:54 | Build | Farm |
| 18:59 | Build | Farm |
| 18:59 | Build | Farm |
| 18:59 | Build | Farm |
| 19:00 | Build | Farm |
| 19:02 | Build | Farm |
| 19:20 | Create | Villager (Male) |
| 19:20 | Research | Town Watch |
| 19:24 | Build | Market |
| 19:29 | Create | Villager (Male) |
| 19:32 | Build | Farm |
| 20:11 | Create | Villager (Male) |
| 20:17 | Research | Castle Age |
| 20:32 | Build | Farm |
| 22:57 | Age | Castle Age |
| 23:02 | Research | Hand Cart |
| 23:06 | Build | Town Center |
| 23:33 | Create | Villager (Male) |
| 23:33 | Create | Villager (Male) |
| 23:34 | Create | Villager (Male) |
| 23:53 | Research | Bow Saw |
| 24:20 | Create | Villager (Male) |
| 24:20 | Create | Villager (Male) |
| 24:20 | Create | Villager (Male) |
| 24:21 | Create | Villager (Male) |
| 24:21 | Create | Villager (Male) |
| 24:22 | Create | Villager (Male) |
| 25:29 | Build | Town Center |
| 25:32 | Create | Villager (Male) |
| 25:32 | Create | Villager (Male) |
| 25:39 | Build | Castle |
| 25:46 | Build | Farm |
| 25:46 | Build | Farm |
| 25:46 | Build | Farm |
| 25:47 | Build | Farm |
| 25:47 | Build | Farm |
| 25:47 | Build | Farm |
| 25:47 | Build | Farm |
| 25:47 | Build | Farm |
| 25:48 | Build | Farm |
| 25:48 | Build | Farm |
| 25:50 | Build | Farm |
| 25:51 | Build | Farm |
| 25:51 | Build | Farm |
| 26:23 | Create | Villager (Male) |
| 26:23 | Create | Villager (Male) |
| 26:27 | Research | Gold Mining |
| 26:31 | Research | Heavy Plow |
| 26:35 | Build | House |
| 26:36 | Build | House |
| 26:36 | Build | House |
| 26:39 | Build | House |
| 26:39 | Build | House |
| 26:40 | Build | House |
| 26:41 | Build | House |
| 26:43 | Build | House |
| 26:44 | Build | House |
| 26:45 | Build | House |
| 26:46 | Build | House |
| 26:47 | Build | House |
| 26:54 | Research | Town Watch |
Build order — Unquiet
First 150 of 216 actions detected
| 0:01 | Create | Villager (Male) |
| 0:02 | Build | House |
| 0:04 | Build | House |
| 0:04 | Create | Villager (Male) |
| 0:15 | Create | Villager (Male) |
| 0:16 | Create | Villager (Male) |
| 1:19 | Create | Villager (Male) |
| 1:44 | Build | Lumber Camp |
| 1:48 | Create | Villager (Male) |
| 2:00 | Build | Lumber Camp |
| 2:07 | Create | Villager (Male) |
| 2:39 | Create | Villager (Male) |
| 3:04 | Create | Villager (Male) |
| 3:34 | Build | House |
| 3:35 | Build | House |
| 3:38 | Build | House |
| 3:41 | Create | Villager (Male) |
| 4:03 | Create | Villager (Male) |
| 4:28 | Create | Villager (Male) |
| 4:41 | Build | Building 800 |
| 4:48 | Build | Building 800 |
| 4:56 | Build | Palisade Wall |
| 4:59 | Create | Villager (Male) |
| 4:59 | Create | Villager (Male) |
| 5:02 | Build | Palisade Wall |
| 5:16 | Create | Villager (Male) |
| 5:17 | Create | Villager (Male) |
| 5:52 | Create | Villager (Male) |
| 5:52 | Create | Villager (Male) |
| 5:59 | Build | Mill |
| 6:10 | Create | Villager (Male) |
| 6:11 | Create | Villager (Male) |
| 6:21 | Create | Villager (Male) |
| 6:30 | Create | Villager (Male) |
| 6:39 | Create | Villager (Male) |
| 6:47 | Create | Villager (Male) |
| 6:51 | Build | Farm |
| 6:55 | Build | Farm |
| 7:12 | Create | Villager (Male) |
| 7:23 | Build | Farm |
| 7:38 | Create | Villager (Male) |
| 8:03 | Create | Villager (Male) |
| 9:29 | Build | Mining Camp |
| 9:37 | Research | Feudal Age |
| 9:37 | Create | Villager (Male) |
| 10:17 | Create | Villager (Male) |
| 10:53 | Build | House |
| 11:08 | Build | Barracks |
| 11:44 | Build | Palisade Wall |
| 11:46 | Build | Palisade Wall |
| 11:51 | Build | Palisade Wall |
| 11:58 | Build | Palisade Wall |
| 12:11 | Age | Feudal Age |
| 12:25 | Build | Market |
| 12:30 | Build | Blacksmith |
| 12:41 | Create | Villager (Male) |
| 12:47 | Build | Palisade Wall |
| 12:56 | Build | Palisade Wall |
| 13:08 | Build | Palisade Wall |
| 13:22 | Build | Palisade Wall |
| 13:35 | Build | Palisade Wall |
| 13:35 | Build | Palisade Wall |
| 13:40 | Build | Palisade Wall |
| 13:45 | Build | Palisade Wall |
| 14:07 | Research | Loom |
| 14:08 | Research | Castle Age |
| 14:43 | Build | House |
| 15:15 | Build | House |
| 15:20 | Build | House |
| 15:42 | Build | Palisade Wall |
| 15:58 | Build | Palisade Wall |
| 16:01 | Build | House |
| 16:16 | Research | Double-Bit Axe |
| 16:17 | Research | Horse Collar |
| 16:32 | Build | Palisade Wall |
| 16:36 | Build | Palisade Wall |
| 17:12 | Age | Castle Age |
| 17:20 | Build | Siege Workshop |
| 17:25 | Create | Villager (Male) |
| 17:25 | Create | Villager (Male) |
| 17:28 | Create | Villager (Male) |
| 17:32 | Research | Bow Saw |
| 17:34 | Create | Villager (Male) |
| 17:52 | Build | Mining Camp |
| 17:57 | Build | Farm |
| 18:01 | Create | Mangonel |
| 18:05 | Create | Villager (Male) |
| 18:11 | Build | Farm |
| 18:13 | Build | Farm |
| 18:27 | Build | Farm |
| 18:28 | Create | Villager (Male) |
| 18:39 | Build | Town Center |
| 18:51 | Build | Lumber Camp |
| 19:07 | Research | Heavy Plow |
| 19:10 | Create | Mangonel |
| 19:24 | Build | Monastery |
| 19:32 | Create | Villager (Male) |
| 19:49 | Build | Farm |
| 19:51 | Build | Farm |
| 20:06 | Create | Villager (Male) |
| 20:07 | Create | Villager (Male) |
| 20:07 | Create | Villager (Male) |
| 20:26 | Create | Monk |
| 20:37 | Build | Barracks |
| 20:42 | Create | Villager (Male) |
| 20:42 | Create | Villager (Male) |
| 20:58 | Create | Villager (Male) |
| 21:05 | Build | Town Center |
| 21:31 | Create | Villager (Male) |
| 21:32 | Create | Villager (Male) |
| 21:40 | Create | Spearman |
| 21:40 | Create | Spearman |
| 21:43 | Create | Monk |
| 21:43 | Create | Monk |
| 22:04 | Build | Farm |
| 22:07 | Build | Farm |
| 22:08 | Build | Farm |
| 22:09 | Create | Villager (Male) |
| 22:12 | Create | Villager (Male) |
| 22:12 | Create | Villager (Male) |
| 22:13 | Create | Monk |
| 22:14 | Create | Monk |
| 22:16 | Build | Farm |
| 22:17 | Build | Farm |
| 22:17 | Build | Farm |
| 22:17 | Build | Farm |
| 22:17 | Build | Farm |
| 22:17 | Build | Farm |
| 22:19 | Build | Farm |
| 22:19 | Build | Farm |
| 22:20 | Build | Farm |
| 22:20 | Build | Farm |
| 22:20 | Build | Farm |
| 22:20 | Build | Farm |
| 22:41 | Create | Villager (Male) |
| 22:41 | Create | Villager (Male) |
| 22:45 | Create | Villager (Male) |
| 23:11 | Create | Villager (Male) |
| 23:11 | Create | Villager (Male) |
| 23:11 | Create | Villager (Male) |
| 23:17 | Create | Villager (Male) |
| 23:25 | Create | Monk |
| 23:25 | Create | Monk |
| 23:28 | Create | Villager (Male) |
| 23:29 | Create | Villager (Male) |
| 23:34 | Build | Farm |
| 23:35 | Build | Farm |
| 23:35 | Build | Farm |
| 23:35 | Build | Farm |
| 23:35 | Build | Farm |
Match timeline
| 4:56 | Unquiet · wall_segment Palisade Wall x1 |
| 5:02 | Unquiet · wall_segment Palisade Wall x3 |
| 10:02 | DMarrett13 · age_up feudal |
| 11:08 | Unquiet · first_building Barracks |
| 11:44 | Unquiet · wall_segment Palisade Wall x2 |
| 11:46 | Unquiet · wall_segment Palisade Wall x8 |
| 11:51 | Unquiet · wall_segment Palisade Wall x11 |
| 11:58 | Unquiet · wall_segment Palisade Wall x1 |
| 12:11 | Unquiet · age_up feudal |
| 12:47 | Unquiet · wall_segment Palisade Wall x9 |
| 12:56 | Unquiet · wall_segment Palisade Wall x8 |
| 13:08 | Unquiet · wall_segment Palisade Wall x1 |
| 13:22 | Unquiet · wall_segment Palisade Wall x1 |
| 13:35 | Unquiet · wall_segment Palisade Wall x1 |
| 13:35 | Unquiet · wall_segment Palisade Wall x1 |
| 13:40 | Unquiet · wall_segment Palisade Wall x5 |
| 13:45 | Unquiet · wall_segment Palisade Wall x3 |
| 15:42 | Unquiet · wall_segment Palisade Wall x2 |
| 15:58 | Unquiet · wall_segment Palisade Wall x1 |
| 16:32 | Unquiet · wall_segment Palisade Wall x1 |
| 16:36 | Unquiet · wall_segment Palisade Wall x1 |
| 17:12 | Unquiet · age_up castle |
| 17:20 | Unquiet · first_building Siege Workshop |
| 19:24 | Unquiet · first_building Monastery |
| 20:16 | DMarrett13 · first_market_sell 100 food |
| 22:57 | DMarrett13 · age_up castle |
| 25:39 | DMarrett13 · first_building Castle |
| 27:15 | DMarrett13 · resign |
[ AI ANALYSIS · 1 CREDIT ]
What really happened in this match?
Wolo.gg analyzes every decision: build order, eco, micro, common mistakes by bracket. Personalized analysis on WhatsApp or Discord in 30 seconds.
Civ guide
Teutons
Map guide
Arena
Perfil
DMarrett13